 Dungeon Crawl Stone Soup version 0.28.0 (webtiles) character file.

Game seed: 5990459160869699684

12 Masnef the Ducker (level 2, 0/15 HPs)
             Began as a Deep Elf Wanderer on Feb 13, 2022.
             Was a Follower of Nemelex Xobeh.
             Slain by a jackal (3 damage)
             ... on level 1 of the Dungeon.
             The game lasted 00:00:57 (508 turns).

Masnef the Ducker (Deep Elf Wanderer)                Turns: 508, Time: 00:00:58

Health: 0/15       AC:  3    Str: 11    XL:     2   Next: 20%
Magic:  6/6        EV: 13    Int: 16    God:    Nemelex Xobeh [*.....]
Gold:   59         SH:  0    Dex: 12    Spells: 3/4 levels left

rFire   . . .      SeeInvis .   f - +0 dagger
rCold   . . .      Faith    .   (no shield)
rNeg    . . .      Spirit   .   d - +0 robe
rPois   .          Reflect  .   c - +0 helmet
rElec   .          Harm     .   (no cloak)
rCorr   .          Rampage  .   (no gloves)
Will    .....                   (no boots)
Stlth   +.........              (no amulet)
HPRegen 0.05/turn               (no ring)
MPRegen 0.10/turn               (no ring)

@: no status effects
A: no striking features
a: Renounce Religion, Draw Escape, Draw Destruction, Draw Summoning


You were on level 1 of the Dungeon.
You worshipped Nemelex Xobeh.
Nemelex Xobeh was aware of your devotion.
You visited 1 branch of the dungeon, and saw 1 of its levels.

You collected 59 gold pieces.

Inventory:

Hand Weapons
 a - a +2 shortbow
 f - a +0 dagger (weapon)
Missiles
 b - 25 arrows
Armour
 c - a +0 helmet (worn)
 d - a +0 robe (worn)
Jewellery
 k - a ring of protection from cold
Wands
 j - a wand of flame (17)
Scrolls
 g - a scroll of teleportation {unknown}
 i - a scroll of identify {unknown}
 m - a scroll of silence {unknown}
Potions
 e - a potion of heal wounds {unknown}
 h - a potion of curing {unknown}
 l - a potion of attraction {unknown}


   Skills:
 + Level 1.1 Short Blades
 - Level 2.7 Bows
 - Level 5.0 Dodging
 - Level 1.5 Spellcasting
 - Level 4.2 Hexes


You had 3 spell levels left.
You knew the following spells:

 Your Spells              Type           Power      Damage    Failure   Level
a - Slow                  Hex            56%        N/A       3%          1

Your spell library contained the following spells:

 Spells                   Type           Power      Damage    Failure   Level
 Portal Projectile        Hex/Tloc       16%        N/A       26%         3


Dungeon Overview and Level Annotations

Branches:
Dungeon (1/15)

Altars:
Nemelex Xobeh


Message History

You have drawn the Orb.
Press: ? - help, Shift-Dir - straight line, f - jackal
Aim: a jackal Your orb of destruction hits a rock wall.
Unknown command.
Your orb of destruction hits a rock wall.
The jackal closely misses you.
The orbs collide in a blinding explosion!
The jackal bites you.
You hit the jackal but do no damage. The jackal barely misses you.
The jackal closely misses you. The jackal bites you.
The jackal closely misses you.
You hit the jackal but do no damage. The jackal barely misses you.
The jackal bites you but does no damage.
You hit the jackal but do no damage. You punch the jackal, but do no damage.
The jackal barely misses you. The jackal bites you.
You barely miss the jackal. The jackal barely misses you. x2
The jackal bites you but does no damage.
The jackal barely misses you.
You draw a card...
You have drawn the Storm.
A fierce wind blows from the card.
The jackal is blown away by the wind.
You hear mighty peals of thunder!
The deck of cards disappears without a trace.
The jackal closely misses you.
Unknown command.
The jackal misses you.
You hit the jackal but do no damage. The jackal bites you.
You closely miss the jackal. The jackal bites you.
You closely miss the jackal. The jackal closely misses you.
The jackal bites you. The jackal misses you.
You closely miss the jackal. The jackal bites you.
* * * LOW HITPOINT WARNING * * *
The jackal misses you.
The jackal bites you but does no damage.
You closely miss the jackal. The jackal misses you.
The jackal barely misses you.
You hit the jackal.
The jackal is moderately wounded.
The jackal bites you.
You die...
Your body disappears without a glow.

############
#.......#...
#.......#...
#########.......#...
#.#.....'.......#...
#.#.#####.......#...
#...#......#....#...
#.#+#......†..#.#...
#.h@........#.#.'...
#..h......>.#.###...
##.........>........
#.....(......###.#.
#........##### #.#.
#........# ##.##
#........# #8(8#
#........# ##.##
#........# #.#.


You could see 2 jackals.

Vanquished Creatures
  3 ball pythons (D:1)
  A bat (D:1)
  2 giant cockroaches (D:1)
  3 frilled lizards (D:1)
  A goblin (D:1)
  A kobold (D:1)
  A rat (D:1)
12 creatures vanquished.

Notes
Turn   | Place    | Note
-------+----------+-------------------------------------------
     0 | D:1      | Masnef the Deep Elf Wanderer began the quest for the Orb.
     0 | D:1      | Masnef set off with the following items: a +2 shortbow, 26
                  | arrows, a +0 helmet, a +0 robe; and the following spell
                  | memorised: Slow; and the following spells available to
                  | memorise: Portal Projectile
     0 | D:1      | Reached XP level 1. HP: 10/10 MP: 5/5
    26 | D:1      | Reached skill level 5 in Dodging
   159 | D:1      | Found a faded altar of an unknown god.
   164 | D:1      | Reached XP level 2. HP: 7/15 MP: 6/6
   182 | D:1      | Prayed at the altar of an unknown god.
   182 | D:1      | Became a worshipper of Nemelex Xobeh the Trickster
   182 | D:1      | Reached * piety under Nemelex Xobeh
   182 | D:1      | Received a gift from Nemelex Xobeh
   362 | D:1      | Reached skill level 1 in Short Blades
   508 | D:1      | Slain by a jackal

Illustrated notes

Levels and vault maps discovered:
D:1:      lemuel_arrival_cross, layout_basic,
          hellmonk_ecumenical_altar_lost_god, minivault_4, minmay_misc_feat_room

Skill      XL: |  1  2 |
---------------+-------+-----
Dodging        | 5 |  5.0
Short Blades   | 1 |  1.1
Bows           | |  2.7
Spellcasting   | |  1.5
Hexes          | |  4.2

Action                   || total
-------------------------++-------
Melee: Dagger            ||    35
       Punch             ||     1
 Fire: Shortbow          ||    12
Invok: Draw Destruction  ||     2
Armor: Robe              ||    10
Dodge: Dodged            ||    40
